 Dungeon Crawl Stone Soup version 0.32-a0-422-g28b100f618 (webtiles) character file.

Game seed: 6532571486761059039

495 Aldia the Firebug (level 6, -1/50 HPs)
             Began as a Demigod Fire Elementalist on Feb 21, 2024.
             Succumbed to a scorpion's poison
             ... on level 5 of the Dungeon.
             The game lasted 00:08:24 (4022 turns).

Aldia the Firebug (Demigod Fire Elementalist)       Turns: 4022, Time: 00:08:25

Health: -1/50      AC:  5    Str: 15    XL:     6   Next: 60%
Magic:  1/13       EV: 17    Int: 25    God:
Gold:   151        SH:  0    Dex: 14    Spells: 5/11 levels left

rFire   . . .        o - +1 dagger (elec)
rCold   . . .        (no shield)
rNeg    . . .        a - +0 robe
rPois   .            (no helmet)
rElec   .            A - +2 cloak
rCorr   .            (no gloves)
SInv    .            (no boots)
Will    .....        (no amulet)
Stlth   ++           w - +6 ring of strength
HPRegen 0.28/turn    s - +5 ring of evasion
MPRegen 0.13/turn

%: no passive effects
@: lethally poisoned (-1 -> -7)
A: high MP 1, forlorn, divine attributes
a: no special abilities


You were on level 5 of the Dungeon.
You visited 1 branch of the dungeon, and saw 5 of its levels.

You collected 242 gold pieces.
You spent 91 gold pieces at shops.

Inventory:

Hand Weapons
 e - a +0 whip
 g - a +0 short sword
 l - a +0 long sword
 o - a +1 dagger of electrocution (weapon)
Armour
 a - a +0 robe (worn)
 A - a +2 cloak (worn)
Jewellery
 n - a ring of resist corrosion
 s - a +5 ring of evasion (right hand)
 w - a +6 ring of strength (left hand)
 x - the ring "Tianna" {Ice rPois Will+ Dex+3}
   (You found it on level 4 of the Dungeon)

   [ring of ice]

   Ice:       It enhances your ice magic.
   Dex+3:     It affects your dexterity (+3).
   rF-:       It makes you vulnerable to fire.
   rC+:       It protects you from cold.
   rPois:     It protects you from poison Will+: It increases your willpower.
Wands
 p - a wand of paralysis (2)
 u - a wand of iceblast (7)
Scrolls
 b - a scroll of summoning {unknown}
 c - 2 scrolls of vulnerability
 h - a scroll of silence {unknown}
 i - a scroll of enchant weapon {unknown}
 k - a scroll of fog {unknown}
 r - 2 scrolls of poison
 t - a scroll of noise {unknown}
 v - a scroll of immolation {unknown}
 y - a scroll of revelation {unknown}
 z - a scroll of blinking {unknown}
Potions
 d - a potion of brilliance
 f - 2 potions of curing {unknown}
 j - 3 potions of mutation
 m - a potion of cancellation {unknown}
 q - a potion of enlightenment
 B - a potion of lignification


   Skills:
 + Level 2.8 Fighting
 - Level 2.2 Dodging
 - Level 2.0 Stealth
 + Level 3.2 Spellcasting
 - Level 1.0 Conjurations
 * Level 1.6 Summonings
 + Level 4.9 Fire Magic


You had 5 spell levels left.
You knew the following spells:

 Your Spells              Type           Power      Damage    Failure   Level
a - Foxfire               Conj/Fire      76%        2x1d7     3%          1
b - Scorch                Fire           58%        2d7       1%          2
c - Inner Flame           Hex/Fire       16%        N/A       11%         3

Your spell library contained the following spells:

 Spells                   Type           Power      Damage    Failure   Level
 Summon Small Mammal      Summ           48%        N/A       4%          1
 Volatile Blastmotes      Fire/Tloc      32%        2d12      11%         3
 Call Canine Familiar     Summ           12%        N/A       16%         3
 Summon Blazeheart Golem  Fire/Summ      20%        N/A       26%         4
 Flame Wave               Conj/Fire      19%        2d7       28%         4


Dungeon Overview and Level Annotations

Branches:
Dungeon (5/15)
 Temple: D:4-7

Shops:
D:4 **


Innate Abilities, Weirdness & Mutations

You have an increased reservoir of magic. (+10% MP)
You shall have no god before yourself.
Your divine heritage dramatically boosts your attributes as you level up.


Message History

The scorpion stings you.
* * * LOW HITPOINT WARNING * * *
Casting: Scorch (safe; 1% risk of failure)
Confirm with . or Enter, or press ? or * to list all spells.
Flames lash the scorpion.
The scorpion is severely wounded.
The scorpion's fire resistance burns away.
* * * LOW HITPOINT WARNING * * *
You feel very sick. The scorpion misses you. The scorpion barely misses you.
Casting: Scorch (safe; 1% risk of failure)
Confirm with . or Enter, or press ? or * to list all spells.
Flames lash the scorpion.
The scorpion is almost dead.
* * * LOW HITPOINT WARNING * * *
You feel very sick. The scorpion stings you.
* * * LOW HITPOINT WARNING * * *
The scorpion misses you. The scorpion closely misses you.
Casting: Scorch (safe; 1% risk of failure)
Confirm with . or Enter, or press ? or * to list all spells.
Flames lash the scorpion.
The scorpion is burned terribly!
You kill the scorpion!
* * * LOW HITPOINT WARNING * * *
You feel very sick. The scorpion barely misses you.
The scorpion completely misses you.
Your Summonings skill increases to level 1!
Casting: Scorch (safe; 1% risk of failure)
Confirm with . or Enter, or press ? or * to list all spells.
Flames lash the scorpion.
The scorpion is burned terribly!
You kill the scorpion!
* * * LOW HITPOINT WARNING * * *
You feel sick.
Unknown command.
Unknown command.
Casting: Scorch (safe; 1% risk of failure)
Confirm with . or Enter, or press ? or * to list all spells.
You don't have enough magic to cast this spell.
Unknown command.
You die...

#.## ...# ...
##..## ....##
#...## . ####...#
##
...##.#?.<.#...#
........@.†....#
#............##
.!#...†...#.....#
..........#..>...
.....##......#...
....# #..#..##...
.... ..###.# .#
... #.# $. .? .$.
..


There were no monsters in sight!

Vanquished Creatures
  A phantom (D:4)
  3 scorpions (D:5)
  A bombardier beetle (D:4)
  An orc priest (D:4)
  3 adders
  5 ribbon worms
  4 orcs
  6 endoplasms
  7 giant cockroaches
  5 goblins
  11 hobgoblins
  14 jackals
  5 kobolds
  3 quokkas
  6 ball pythons
  3 bats
  A frilled lizard (D:3)
  2 rats (D:2)
81 creatures vanquished.

Vanquished Creatures (others)
  35 foxfires
35 creatures vanquished.

Grand Total: 116 creatures vanquished

Notes
Turn   | Place    | Note
-------+----------+-------------------------------------------
     0 | D:1      | Aldia the Demigod Fire Elementalist began the quest for the
                  | Orb.
     0 | D:1      | Reached XP level 1. HP: 14/14 MP: 5/5
    50 | D:1      | Reached skill level 1 in Conjurations
   135 | D:1      | Reached XP level 2. HP: 21/22 MP: 5/7
   139 | D:1      | Learned a level 2 spell: Scorch
   202 | D:1      | Reached skill level 3 in Fire Magic
   222 | D:1      | HP: 1/22 [kobold/+0 whip (1)]
   351 | D:1      | Reached skill level 1 in Fighting
   351 | D:1      | Reached XP level 3. HP: 26/28 MP: 2/8
  1083 | D:2      | Reached XP level 4. HP: 35/35 MP: 7/10
  1087 | D:2      | Learned a level 3 spell: Inner Flame
  2887 | D:3      | Reached skill level 4 in Fire Magic
  3112 | D:4      | Reached XP level 5. HP: 41/41 MP: 6/11
  3511 | D:4      | Reached XP level 6. HP: 50/50 MP: 2/13
  3658 | D:4      | Identified the ring "Tianna" {Ice rPois Will+ Dex+3}
  3875 | D:4      | Found Dilom's General Store.
  3877 | D:4      | Found Amopn's Specific Store.
  3885 | D:4      | Bought a scroll of poison for 52 gold pieces
  3885 | D:4      | Bought a potion of lignification for 39 gold pieces
  3976 | D:5      | Entered Level 5 of the Dungeon
  4020 | D:5      | HP: 2/50 [poisoned by a scorpion]
  4021 | D:5      | Reached skill level 1 in Summonings
  4022 | D:5      | Succumbed to a scorpion's poison

Illustrated notes

Levels and vault maps discovered:
D:1:      dpeg_arrival_pond, layout_rooms, glass_columns_b
D:2:      layout_loops_ring, basic_altar, hangedman_abyss_or_decor_stabs,
          chequers_serial_rivers_large_a, nicolae_wormholes
D:3:      layout_basic
D:4:      layout_rooms, nicolae_specific_store
D:5:      layout_cave_pools, nicolae_elyvilon_peaceful_grove,
          nicolae_wooded_promenade, kennysheep_generic_room_7

Skill      XL: |  1  2  3  4  5  6 |
---------------+-------------------+-----
Conjurations   | 1 |  1.0
Stealth        | 2 |  2.0
Spellcasting   | 2 3 |  3.2
Fire Magic     | 3 4 |  4.9
Dodging        | 2 |  2.2
Fighting       | 1 2 |  2.8
Summonings     | 1 |  1.6

Action                     |  1- 3 |  4- 6 || total
---------------------------+-------+-------++-------
  Melee: Unarmed           |    15 |       ||    15
         Whip              |    29 |       ||    29
         Short sword       |    37 |    13 ||    50
         Dagger            |       |     8 ||     8
   Cast: Foxfire           |    16 |     3 ||    19
         Scorch            |    22 |    66 ||    88
    Use: Potion            |     1 |       ||     1
         Scroll            |       |     4 ||     4
 Armour: Robe              |    71 |    19 ||    90
  Dodge: Dodged            |    98 |    33 ||   131

Table legend: (Time is in decaauts)
 A = Elapsed time spent in this place.
 B = Non-inter-level travel time spent in this place.
 C = Inter-level travel time spent in this place.
 D = Time resting spent in this place.
 E = Time spent auto-exploring this place.
 F = Levels seen in this place.
 G = Mean time per level.
                   A        B        C        D        E       F      G
               +--------+--------+--------+--------+--------+-----+--------+
         Total |   4032 |   3735 |    297 |     24 |   3190 |   5 |  806.4 |
       Dungeon |   4032 |   3735 |    297 |     24 |   3190 |   5 |  806.4 |
               +--------+--------+--------+--------+--------+-----+--------+

Top non-repeatable levels by time:
     D:3: 1334 daAuts
     D:1: 957 daAuts
     D:4: 877 daAuts
     D:2: 842 daAuts
     D:5: 20 daAuts
